Workbook
Name A._Board_Composition: 'FORM '!$B$17
Name B._Directors_Registry: 'FORM '!$B$33
Name C._BOD_and_CS_Key_Responsibilities: 'FORM '!$B$42
Name KPIs: 'FORM '!$D$81
Name Segment_1__The_Board: 'FORM '!$B$16

Sheet FORM 
A1: SOEs GOVERNANCE SELF REVIEW TOOL PRIVATIZATION AND CORPORATIZATION BOARD (PCB)
A4: SOE Name:
A5: Filled by:
A6: Position:
A7: Contact No:
A8: Date:
A10: EVALUATION YEAR | D10: 2025
A14: All State-Owned Enterprises (SOEs) are mandated to comply with the Corporate Governance (CG) code. Additionally, they must adhere to circulars and instructions issued by the Privatization and Corporatization Board, as stipulated in Act No. 03/2013. This review is conducted to assess the level of compliance by SOEs. Instructions: * Write or Select the appropriate option from the dropdown menu. For numerical values, please write a whole number. For Year write in the format 2099 * If you have any comments or reasons, please include them in the "Remarks/Reasons" column. * Further details will appear when you hover the cursor over the cell (Write/select from the dropdown list).
B16: Segment 1: The Board
B17: A. Board Composition | E17: Write/Select from the dropdown list | F17: Score | G17: Earned | H17: Company - Remarks / Reasons
B18: 1 | C18: Total Board members as per AOA | E18: 7
B19: Company will not be penalized if sufficient contacts were done to PCB regarding Board Composition
B20: 2 | C20: Number of Appointed BODs as at the end of the evaluating year | E20: 7 | F20: =IF(E18=E20,20,0) -> 20 | G20: =IF($F$20=20,20,(IF($E$21="Yes (in remarks write letter NO/ if Email write emailed date)",20,0))) -> 20
D21: is there any formal communication done with PCB (Letter/Email) regarding Composition issues? | E21: Yes (in remarks write letter NO/ if Email write emailed date)
B22: 3 | C22: Balance of the Board Appointments at the end of the evaluating year
C23: i. | D23: Executive (currently appointed) | E23: 2 | F23: =IF(SUM(E23:E25)<>E20,0,(IF(E23>(E24+E25),0,40))) -> 40 | G23: =IF(SUM(E23:E25)<>E20,0,(IF($F$23=40,40,(IF($E$26="Yes (in remarks write letter NO/ if Email write emailed date)",40,0))))) -> 40
C24: ii. | D24: Non-executive (currently appointed) | E24: 4
C25: iii. | D25: Independent (currently appointed) | E25: 1 | G25: =IF(F25=20,20,(IF(E26="Yes (in remarks write letter NO/ if Email write emailed date)",20,0))) -> 20
D26: is there any formal communication done with PCB (Letter/Email) regarding Composition issues? | E26: Yes (in remarks write letter NO/ if Email write emailed date)
B27: 4 | C27: Board Diversity at the end of the evaluating year
C28: i. | D28: Male (currently appointed) | E28: 6 | F28: =IF(SUM(E28:E29)<>E20,0,(IF(E29>0,40,0))) -> 40 | G28: =IF(SUM(E28:E29)<>E20,0,(IF($F$28=40,40,(IF($E$30="Yes (in remarks write letter NO/ if Email write emailed date)",40,0))))) -> 40
C29: ii. | D29: Female (currently appointed) | E29: 1
D30: is there any formal communication done with PCB (Letter/Email) regarding Composition issues? | E30: No
B31: Total Earned | F31: =F20+F23+F28 -> 100 | G31: =G20+G23+G28 -> 100
B33: B. Directors Registry | E33: Write/Select from the dropdown list | F33: Score | G33: Earned | H33: Remarks / Reasons
B34: 1 | C34: Register of directors | E34: Maintained and Shared with PCB | F34: =IFERROR(VLOOKUP(E34,KPIs!$A$3:$B$6,2,FALSE),0) -> 20 | G34: =F34 -> 20
B35: 2 | C35: Register of directors includes:
C36: i | D36: Academic and education qualifications | E36: All BODs updated | F36: =IFERROR(IF($E$34="Not Maintained",0,((VLOOKUP('FORM '!E36,KPIs!$A$8:$B$12,2,FALSE)))),0) -> 20 | G36: =F36 -> 20
C37: ii | D37: Professional Experience | E37: All BODs updated | F37: =IFERROR(IF($E$34="Not Maintained",0,((VLOOKUP('FORM '!E37,KPIs!$A$8:$B$12,2,FALSE)))),0) -> 20 | G37: =F37 -> 20
C38: iii | D38: Professional training | E38: All BODs updated | F38: =IFERROR(IF($E$34="Not Maintained",0,((VLOOKUP('FORM '!E38,KPIs!$A$8:$B$12,2,FALSE)))),0) -> 20 | G38: =F38 -> 20
C39: iv | D39: Executive Directors role in the company | E39: All BODs updated | F39: =IFERROR(IF($E$34="Not Maintained",0,((VLOOKUP('FORM '!E39,KPIs!$A$8:$B$12,2,FALSE)))),0) -> 20 | G39: =F39 -> 20
B40: Total Earned | F40: =SUM(F34:F39) -> 100 | G40: =SUM(G34:G39) -> 100
B42: C. BOD and CS Key Responsibilities | E42: Write/Select from the dropdown list | F42: Score | G42: Earned | H42: Remarks / Reasons
B43: 1 | C43: Have there been any revisions to the AOA and MOA to align with the CG code and Model & Model AOA? | E43: Yes | F43: =IF(E43="Yes",8,0) -> 8 | G43: =F43 -> 8
B44: 2 | C44: Year of AOA revision to align with CG code and Model AOA | E44: 2025 | F44: =IF(E44="Not Revised",0,(IF(E44>2024,6,0))) -> 6 | G44: =F44 -> 6
B45: 3 | C45: Year of MOA revision to align with CG code | D45: MOA review after CG code 1 May 2019 | E45: 2019 | F45: =IF(E45="Not Revised",0,(IF(E45>2018,6,0))) -> 6 | G45: =F45 -> 6
B46: 4 | C46: AOA Covers:
C47: i | D47: Role of Chairperson as in CG Code & Model AOA | E47: Fully Covers | F47: =IFERROR(VLOOKUP(E47,KPIs!$A$16:$B$21,2,FALSE),0) -> 8 | G47: =F47 -> 8
C48: ii | D48: Role of the MD/CEO as in CG Code & Model AOA | E48: Fully Covers | F48: =IFERROR(VLOOKUP(E48,KPIs!$A$16:$B$21,2,FALSE),0) -> 8 | G48: =F48 -> 8
C49: iii | D49: Role of Executive Members as in CG Code & Model AOA | E49: Fully Covers | F49: =IFERROR(VLOOKUP(E49,KPIs!$A$16:$B$21,2,FALSE),0) -> 8 | G49: =F49 -> 8
C50: iv | D50: Role of Non-Executive Members as in CG Code & Model AOA | E50: Fully Covers | F50: =IFERROR(VLOOKUP(E50,KPIs!$A$16:$B$21,2,FALSE),0) -> 8 | G50: =F50 -> 8
C51: v | D51: Role of Independents as in the CG Code & Model AOA | E51: Fully Covers | F51: =IFERROR(VLOOKUP(E51,KPIs!$A$16:$B$21,2,FALSE),0) -> 8 | G51: =F51 -> 8
C52: vi | D52: Role and Duties of the Board as a whole, as in CG Code & Model AOA | E52: Fully Covers | F52: =IFERROR(VLOOKUP(E52,KPIs!$A$16:$B$21,2,FALSE),0) -> 8 | G52: =F52 -> 8
C53: vii | D53: Role and Duties of Company Secretary (CS) as in CG Code & align with the Company Secretary Policy | E53: Fully Covers | F53: =IFERROR(VLOOKUP(E53,KPIs!$A$16:$B$21,2,FALSE),0) -> 8 | G53: =F53 -> 8
C54: viii. Minutes of the meetings to be recorded and maintained by the Company Secretary | D54: AGM Procedure Aligned with the CG Code & Model AOA | E54: Fully Covers | F54: =IFERROR(VLOOKUP(E54,KPIs!$A$16:$B$21,2,FALSE),0) -> 8 | G54: =F54 -> 8
C55: ix | D55: Annual Report Procedure Aligns with the CG Code & Model AOA | E55: Fully Covers | F55: =IFERROR(VLOOKUP(E55,KPIs!$A$16:$B$21,2,FALSE),0) -> 8 | G55: =F55 -> 8
C56: x | D56: Other Provisions in MODEL AOA | E56: Fully Covers | F56: =IFERROR(VLOOKUP(E56,KPIs!$A$16:$B$21,2,FALSE),0) -> 8 | G56: =F56 -> 8
B57: Total Earned | F57: =SUM(F43:F56) -> 100 | G57: =SUM(G43:G56) -> 100
B59: D. Board Meeting | E59: Write/Select from the dropdown list | F59: Score | G59: Earned | H59: Remarks / Reasons
B60: 1 | C60: Annual Board Plan for the meetings | E60: Have | F60: =IF(E60="have",15, 0) -> 15 | G60: =F60 -> 15
B61: 2 | C61: Board meeting Minutes | E61: Audio and in writing | F61: =IFERROR(VLOOKUP(E61,KPIs!$D$2:$E$7,2,FALSE),0) -> 15 | G61: =F61 -> 15
B62: 3 | C62: Board Meeting Attendance | E62: Maintained and Shared with PCB | F62: =IFERROR(VLOOKUP(E62,KPIs!$D$10:$E$12,2,FALSE),0) -> 10 | G62: =F62 -> 10
B63: 4 | C63: Agenda for board meetings are set by | E63: Chairman only | F63: =IFERROR(VLOOKUP(E63,KPIs!$D$16:$E$20,2,FALSE),2) -> 12 | G63: =F63 -> 12
B64: 5 | C64: Timeframe for Agenda dispatch | E64: 3 days in advance | F64: =IFERROR(VLOOKUP(E64,KPIs!$D$23:$E$26,2,FALSE),0) -> 12 | G64: =F64 -> 12
B65: 6 | C65: Dispatching the documentation along with the agenda | E65: Always | F65: =IFERROR(VLOOKUP(E65,KPIs!$D$29:$E$31,2,FALSE),0) -> 12 | G65: =F65 -> 12
B66: 7 | C66: Frequency of board meetings | E66: Monthly | F66: =IFERROR(VLOOKUP(E66,KPIs!$D$34:$E$45,2,FALSE),0) -> 12 | G66: =F66 -> 12
B67: 8 | C67: Informal meeting among Non-Executive Directors | E67: Monthly | F67: =IFERROR(VLOOKUP(E67,KPIs!$D$42:$E$47,2,FALSE),0) -> 12 | G67: =F67 -> 12
B68: Total Earned | F68: =SUM(F60:F67) -> 100 | G68: =SUM(G60:G67) -> 100
B70: E. Training and Development of Directors and Company Secretary (CS) | E70: Write/Select from the dropdown list | F70: Score | G70: Earned | H70: Remarks / Reasons
B71: 1 | C71: Completion of Basic Induction Program by CMDA - BOD | E71: All Directors have completed | F71: =IFERROR(VLOOKUP(E71,KPIs!$H$3:$I$6,2,FALSE),0) -> 14 | G71: =F71 -> 14
B72: 2 | C72: Completion of CMDA Basic training - CS | E72: Completed | F72: =IF(E72="completed",14,0) -> 14 | G72: =F72 -> 14
B73: 3 | C73: Completion of Directors' Basic Induction Program by the Company | E73: All Directors have completed | F73: =VLOOKUP(E73,KPIs!$H$9:$I$12,2,FALSE) -> 14 | G73: =F73 -> 14
B74: 4 | C74: Conduct a Directors' Refresher Program related to governance or operations | E74: Yes | F74: =IF(E74="Yes",10,0) -> 10 | G74: =F74 -> 10
B75: 5 | C75: Completion of Directors' Refresher Program | E75: All Directors have completed | F75: =VLOOKUP(E75,KPIs!$H$3:$I$6,2,FALSE) -> 14 | G75: =F75 -> 14
B76: 6 | C76: Frequency of Directors' Refresher Program | E76: Monthly | F76: =IF(E76="Monthly",10, IF(E76="Quarterly",10, IF(E76="Bi-annually",10, IF(E76="Annually",10, 0 )))) -> 10 | G76: =F76 -> 10
B77: 7 | C77: Contents Covered in the Company's Induction Program:
C78: i | D78: Fiduciary duties and responsibilities | E78: Yes | F78: =IF(E78="Yes",IF(OR($E$73="All Directors have completed",$E$73="Majority completed",$E$73="Few completed"),4,0),0) -> 4 | G78: =F78 -> 4
C79: ii | D79: Strategic aims and Objectives | E79: Yes | F79: =IF(E79="Yes",IF(OR($E$73="All Directors have completed",$E$73="Majority completed",$E$73="Few completed"),4,0),0) -> 4 | G79: =F79 -> 4
C80: iii | D80: Operation, business model including risk profile senior management and business environment | E80: Yes | F80: =IF(E80="Yes",IF(OR($E$73="All Directors have completed",$E$73="Majority completed",$E$73="Few completed"),4,0),0) -> 4 | G80: =F80 -> 4
C81: iv | D81: Covers CG code | E81: Yes | F81: =IF(E81="Yes",IF(OR($E$73="All Directors have completed",$E$73="Majority completed",$E$73="Few completed"),4,0),0) -> 4 | G81: =F81 -> 4
C82: v | D82: Code of conduct and Code of Ethics | E82: Yes | F82: =IF(E82="Yes",IF(OR($E$73="All Directors have completed",$E$73="Majority completed",$E$73="Few completed"),4,0),0) -> 4 | G82: =F82 -> 4
C83: vi | D83: Board meeting process | E83: Yes | F83: =IF(E83="Yes",IF(OR($E$73="All Directors have completed",$E$73="Majority completed",$E$73="Few completed"),4,0),0) -> 4 | G83: =F83 -> 4
B84: Total Earned | F84: =SUM(F71:F83) -> 100 | G84: =SUM(G71:G83) -> 100
B86: F. Register of Interests - Board of Directors and Management | E86: Write/Select from the dropdown list | F86: Score | G86: Earned | H86: Remarks / Reasons
B87: 1 | C87: Register of interest | E87: Maintained and Shared with PCB | F87: =VLOOKUP(E87,KPIs!$H$15:$I$18,2,FALSE) -> 16 | G87: =F87 -> 16
B88: 2 | C88: Register of interest readily available for relevant departments | E88: Yes | F88: =IF($E$87="Not Maintained",0,(IF('FORM '!E88="yes",10,0))) -> 10 | G88: =F88 -> 10
B89: 3 | C89: Register of interest includes:
C90: - | D90: Director’s shareholding in any other businesses | E90: Yes | F90: =IF($E$87="Not Maintained",0,(IF('FORM '!E90="yes",10,0))) -> 10 | G90: =F90 -> 10
C91: - | D91: Current employment | E91: Yes | F91: =IF($E$87="Not Maintained",0,(IF('FORM '!E91="yes",10,0))) -> 10 | G91: =F91 -> 10
C92: - | D92: Employment in the past 2 (two) years | E92: Yes | F92: =IF($E$87="Not Maintained",0,(IF('FORM '!E92="yes",10,0))) -> 10 | G92: =F92 -> 10
C93: - | D93: Details of major assets owned by the Director (Director's Asset Declaration) | E93: Yes | F93: =IF($E$87="Not Maintained",0,(IF('FORM '!E93="yes",10,0))) -> 10 | G93: =F93 -> 10
C94: - | D94: Details of shareholding/involvement of a Director’s immediate family members (Father, Mother, Spouse, Children, Step-Children, Siblings) | E94: Yes | F94: =IF($E$87="Not Maintained",0,(IF('FORM '!E94="yes",10,0))) -> 10 | G94: =F94 -> 10
C95: - | D95: Details of current employment of the Director’s immediate family members. | E95: Yes | F95: =IF($E$87="Not Maintained",0,(IF('FORM '!E95="yes",10,0))) -> 10 | G95: =F95 -> 10
B96: 4 | C96: Asset Declaration as per Code of Conduct of SOE BODs (e.g., For the 2025 reporting cycle: Was the 2024 year-end declaration filed by the 2025 January 31st deadline?) | E96: All Directors have completed | F96: =VLOOKUP(E96,KPIs!$H$3:$I$6,2,FALSE) -> 14 | G96: =F96 -> 14
B97: Total Earned | F97: =SUM(F87:F96) -> 100 | G97: =SUM(G87:G96) -> 100
B99: G. Board Performance Evaluation | E99: Write/Select from the dropdown list | F99: Score | G99: Earned | H99: Remarks / Reasons
B100: 1 | C100: Policy on Board performance evaluation | E100: Endorsed and Executed | F100: =IF(E100="Endorsed and Executed",30, IF(E100="Endorsed but not ye Executed",15, IF(E100="Written but not endorsed",7,0))) -> 30 | G100: =F100 -> 30
B101: 2 | C101: Conducting Annual Board Performance Evaluation | E101: Yes | F101: =IF(E101="Yes",20,0) -> 20 | G101: =F101 -> 20
B102: 3 | C102: Latest Performance Appraised Year | E102: 2024 | F102: =IF(E102>=(D10-1),20,0) -> 20 | G102: =F102 -> 20
B103: 4 | C103: Performance evaluation completed and shared with PCB before 31st January | E103: Yes | F103: =IF(E103="Yes",30,0) -> 30 | G103: =F103 -> 30
B104: Total Earned | F104: =SUM(F100:F103) -> 100 | G104: =SUM(G100:G103) -> 100
B106: Segment 2: Board Committees (Excluding the Audit Committee)
B107: A. Committee Formations and Functions | E107: Write/Select from the dropdown list | F107: Score | G107: Earned | H107: Remarks / Reasons
B108: 1 | C108: Presence of Board Committees besides the Audit and Risk Committee (if yes, list Board Committee names in remarks) | E108: Yes
B109: 2 | C109: PCB approvals for the formation of the board committees | E109: Obtained | F109: =IF($E$108="No",0, IF($E$108="YES", IF(E109="Obtained", 10, IF(E109="Some obtained", 7, IF(E109="Submitted for approval", 5, 0))), 0)) -> 10 | G109: =F109 -> 10
B110: 3 | C110: Chaired by Non Executive Director | E110: Yes | F110: =IF(E110="Yes",15,0) -> 15 | G110: =F110 -> 15
B111: 4 | C111: Majority of Members are Non-Executives | E111: Yes | F111: =IF(E111="Yes",15,0) -> 15 | G111: =IF(E112="Yes (in remarks write letter NO/ if Email write emailed date)",15,F111) -> 15
C112: is there any formal communication done with PCB (Letter/Email) regarding Composition issues? | E112: No
B113: 5 | C113: Board Committees have Board approved TOR (Charter) | E113: Yes | F113: =IF(E113="Yes",10,0) -> 10 | G113: =F113 -> 10
B114: 6 | C114: Composition of Committees | E114: Have at least 3 members | F114: =IF($E$108="No", 0, IF(AND($E$108="YES", E114="Have at least 3 members"), 10, 0)) -> 10 | G114: =F114 -> 10
...

Sheet KPIs
A1: Directors Registry | D1: Board Meeting | H1: E. Training and Development of Directors and Company Secretary (CS) | K1: CFO and CIA Requirement | O1: AGM | R1: Risk Management | U1: Others Matters
D2: Key Areas (Board meeting Minutes) | E2: SCORE/Earned | H2: Directors training | I2: SCORE/Earned | K2: Qualified Chartered Internal Auditor | L2: 10 | O2: AGM Months | P2: SCORE/Earned | R2: Risk Management (Recent circular and CG Code related) | S2: SCORE/Earned | U2: KPIs Progress | V2: SCORE/Earned
A3: 1.Register of directors | B3: SCORE/Earned | D3: Audio and in writing | E3: 15 | H3: All Directors have completed | I3: 14 | K3: IFAC body Membership | L3: 10 | O3: Jan of the Evaluating Year | P3: 5 | R3: Through Risk Management Independent Unit | S3: 30 | U3: 75% above achieved | V3: 8
A4: Maintained and Shared with PCB | B4: 20 | D4: Audio only | E4: 10 | H4: Majority completed | I4: 10 | K4: MNQA lvl 9(Auditing/Accounting/Finance) Certification | L4: 10 | O4: Feb of the Evaluating Year | P4: 5 | R4: Through internal audit | S4: 30 | U4: 50% above achieved | V4: 5
A5: Maintained but not shared with PCB | B5: 10 | D5: In Writing (with Signatures) | E5: 10 | H5: Few completed | I5: 7 | K5: Retained as per CH 4 (12) of CFO and CIA related Policy | L5: 5 | O5: Mar of the Evaluating Year | P5: 5 | R5: Through quality management system (QMS) | S5: 15 | U5: 50% less achieved | V5: 3
A6: Not Maintained | B6: 0 | D6: In writing (No Signature) | E6: 5 | H6: No Records | I6: 0 | K6: Doesn’t meet requirement | L6: 0 | O6: Apr of the Evaluating Year | P6: 5 | R6: Outsourced | S6: 10 | U6: Written but not endorsed | V6: 0
D7: Not maintained | E7: 0 | K7: MNQA lvl 9(Accounting/Finance) Certification | L7: 10 | O7: May of the Evaluating Year | P7: 5 | R7: Established but not functioning | S7: 5 | U7: Does not have | V7: 0
A8: 2. For Specific Informations (I, ii, iii, iv) | B8: SCORE/Earned | H8: Completion of Directors' Basic Induction Program by the Company | I8: SCORE/Earned | K8: Experience Requirement meet | L8: 10 | O8: Jun of the Evaluating Year | P8: 3 | R8: Not Established | S8: 0
A9: All BODs updated | B9: 20 | D9: Board Meeting Attendance | E9: SCORE/Earned | H9: All Directors have completed | I9: 14 | O9: Jul of the Evaluating Year | P9: 3 | U9: Implementation related | V9: SCORE/Earned
A10: Some BODs updated | B10: 10 | D10: Maintained and Shared with PCB | E10: 10 | H10: Majority completed | I10: 10 | K10: Position | O10: Aug of the Evaluating Year | P10: 3 | R10: Risk management policies | S10: SCORE/Earned | U10: 75% above Implemented | V10: 8
A11: Not Updated (but current BOD's outdated info exist) | B11: 5 | D11: Maintained and Not Shared with PCB | E11: 5 | H11: Few completed | I11: 7 | K11: Appointed | L11: 10 | O11: Sep of the Evaluating Year | P11: 3 | R11: Endorsed and Executed | S11: 20 | U11: 50% above Implemented | V11: 5
A12: No records | B12: 0 | D12: Not Maintained | E12: 0 | H12: No induction program | I12: 0 | K12: Acting Head | L12: 5 | O12: Oct of the Evaluating Year | P12: 3 | R12: Endorsed but not yet Executed | S12: 10 | U12: 50% less Implemented | V12: 3
K13: Vacant | L13: 0 | O13: Nov of the Evaluating Year | P13: 3 | R13: Written but not endorsed | S13: 3 | U13: Written but not endorsed | V13: 0
A14: AOA Covers: | H14: E. Training and Development of Directors and Company Secretary (CS) | O14: Dec of the Evaluating Year | P14: 3 | R14: Does not have | S14: 0 | U14: Does not have | V14: 0
D15: Agenda for board meetings are set by | E15: SCORE/Earned | H15: 1.Register of Interest | I15: SCORE/Earned | K15: Completion of Last Financial Year external Audit | O15: After the Evaluating Year | P15: 0
A16: Key Areas | B16: SCORE/Earned | D16: Chairman only | E16: 12 | H16: Maintained and Shared with PCB | I16: 16 | K16: Completed | L16: 20
A17: Fully Covers | B17: 8 | D17: Chairman and CS | E17: 10 | H17: Maintained but not shared with PCB | I17: 8 | K17: Ongoing, only last year Audit Pending | L17: 12 | O17: Availability of Notice and Agenda | U17: Endorsement | V17: SCORE/Earned
A18: Written Separately and covers | B18: 4 | D18: MD and CS | E18: 0 | H18: Not Maintained | I18: 0 | K18: Last year audit ongoing parallely with more than 1 year audit pending | L18: 10 | O18: Available on the website | P18: 8 | R18: Disclosing Risk Reports and Findings | S18: SCORE/Earned | U18: Endorsed and Executed | V18: 9
A19: Partially Covered in AOA and rest in the related Policy | B19: 6 | D19: MD/CEO | E19: 0 | K19: Last year audit ongoing parallely with more than 2 year audit pending | L19: 5 | O19: Available on request | P19: 5 | R19: ARC and Management | S19: 30 | U19: Endorsed but not yet executed | V19: 5
A20: Partially Covers | B20: 4 | D20: All together | E20: 8 | K20: Not Started/More than 3 year audit Pending (Even if last year audit going parallely) | O20: Not Available to the public | P20: 0 | R20: Management Only | S20: 5 | U20: Written but not endorsed | V20: 3
A21: Not Sure | B21: 0 | R21: ARC only | S21: 0 | U21: Does not have | V21: 0
D22: Timeframe for Agenda dispatch | E22: SCORE/Earned | K22: Internal Audit Function | O22: Duration of the Notice and agenda of the Annual General Meeting | R22: None | S22: 0
D23: 3 days in advance | E23: 12 | K23: Established and Functioning | L23: 10 | M23: CIA | O23: 14 days and more | P23: 6 | U23: Q report compliance | V23: SCORE/Earned
D24: 2 days in advance | E24: 6 | K24: Established but not functioning | L24: 5 | M24: CIA | O24: less than 14 days | P24: 0 | U24: Always | V24: 9
D25: Same day | E25: 2 | K25: Not yet established | L25: 0 | M25: CIA | U25: Sometimes | V25: 5
D26: Not Shared | E26: 0 | M26: CIA | O26: If ANY | U26: Have difficulties | V26: 3
K27: Internal Audit SOP | M27: CIA | O27: Yes | P27: 3
D28: Dispatching the documentation along with the agenda | E28: SCORE/Earned | K28: Endorsed and Executed | L28: 10 | M28: CIA | O28: Does not have a plan | P28: 3
D29: Always | E29: 12 | K29: Endorsed but not yet Executed | L29: 7 | M29: CIA | O29: No such material transaction | P29: 3
D30: Often | E30: 6 | K30: Written but not endorsed | L30: 5 | M30: CIA | O30: No revision | P30: 3
D31: Documents not shared | E31: 0 | K31: Does not have | L31: 0 | M31: CIA | O31: No such adoption | P31: 3
M32: CIA | O32: No | P32: 0
D33: Frequency of board meetings | E33: SCORE/Earned | K33: Regulator Complinace Audit | M33: CIA | O33: No new investment | P33: 3
D34: Weekly | E34: 12 | K34: Completed and findings shared with Audit Committee and Management | L34: 15 | M34: CIA | O34: No incentives | P34: 3
D35: Monthly | E35: 12 | K35: Completed and findings shared with Audit Committee only | L35: 0 | M35: CIA
D36: Quarterly | E36: 8 | K36: Completed and findings shared with Management only | L36: 0 | M36: CIA | O36: Structure change
D37: Bi-annually | E37: 4 | K37: Completed and findings shared with CEO/Managing Director only | L37: 0 | M37: CIA | O37: No Change | P37: 3
D38: Annually | E38: 1 | K38: Completed and findings not shared | L38: 0 | M38: CIA | O38: Followed guideline/Policy and Approval was received from MOF | P38: 3
D39: Other | E39: 0 | K39: Not Completed | L39: 0 | M39: CIA | O39: MOF Approval received but guideline was not followed | P39: 0
M40: CIA | O40: Changed without MOF Approval | P40: 0
D41: Informal meeting among Non-Executive Directors | E41: SCORE/Earned | K41: Disclosing other Internal Audit Reports and Findings | M41: CIA
D42: Weekly | E42: 12 | K42: Audit Committee and Management, | L42: 15 | M42: CIA
D43: Monthly | E43: 12 | K43: Audit Committee only | L43: 0 | M43: CIA | O43: Loans
D44: Quarterly | E44: 12 | K44: Management Only | L44: 0 | M44: CIA | O44: No New loans | P44: 3
D45: Bi-annually | E45: 12 | K45: Directly to MD | L45: 0 | M45: CIA | O45: Followed guideline/Policy and Approval was received from MOF | P45: 3
D46: Annually | E46: 12 | K46: None | L46: 0 | M46: CIA | O46: MOF Approval received but guideline was not followed | P46: 0
D47: None | E47: 0 | M47: CIA | O47: Changed without MOF Approval | P47: 0
K48: EQA | M48: CIA
K49: Conducted with in last 5 years | L49: 5 | M49: CIA
D50: A. Board Audit Committee (ARC = Audit and Risk Committee) | K50: Conducted more than 5 years ago | L50: 0 | M50: CIA | O50: Invitation to the Auditor General and 3rd party External Auditor
D51: Audit Committee Chairperson is independent and Non-Executive Director | E51: SCORE/Earned | K51: Never conducted | L51: 0 | M51: CIA | O51: AGO Iand 3rd party auditor Invited | P51: 4
D52: Independent, Non Executive Director | E52: 10 | M52: CIA | O52: AGO Invited but 3rd party Auditor selection process not finished | P52: 4
D53: Non Executive, but not an Independent Director | E53: 8 | M53: CIA | O53: Not Invited | P53: 0
K54: Reporting to Audit Committee | M54: CIA
D55: Audit Committee Chairperson - Academic Qualification | K55: Monthly | L55: 10 | M55: CIA
D56: Member of Professional Accountig body | K56: Quarterly | L56: 10 | M56: CIA
D57: Account Finance related Degree or above | K57: Bi-annually | L57: 3 | M57: CIA
K58: Annually | L58: 1 | M58: CIA
D59: Has no accounting or financial credentials | K59: None | L59: 0 | M59: CIA
